 Dungeon Crawl Stone Soup version 0.28-a0-773-g130ae17fe5 (webtiles) character file.

Game seed: 15982369064746524762

0 meatgazer the Skirmisher (level 1, -15/18 HPs)
             Began as a Demonspawn Abyssal Knight on Nov 1, 2021.
             Was a Follower of Lugonu.
             Killed from afar by an efreet (33 damage)
             ... with a fireball
             ... on level 3 of the Abyss.
             The game lasted 00:00:31 (115 turns).

meatgazer the Skirmisher (Demonspawn Abyssal Knight) Turns: 115, Time: 00:00:31

Health: -15/18     AC:  3    Str: 13    XL:     1   Next: 0%
Magic:  2/2        EV: 11    Int: 11    God:    Lugonu [*.....]
Gold:   41         SH:  0    Dex: 13    Spells: 0/0 levels left

rFire   . . .      SeeInvis .   a - +1 falchion
rCold   . . .      Faith    .   (no shield)
rNeg    . . .      Spirit   .   b - +0 leather armour
rPois   .          Reflect  .   (no helmet)
rElec   .          Harm     .   (no cloak)
rCorr   .          Rampage  .   (no gloves)
Will    .....                   (no boots)
Stlth   +.........              (no amulet)
HPRegen 0.06/turn               (no ring)
MPRegen 0.08/turn               (no ring)

@: no status effects
A: no striking features
a: Renounce Religion, Depart the Abyss


You were on level 3 of the Abyss.
You worshipped Lugonu.
Lugonu was aware of your devotion.
You visited 0 branches of the dungeon, and saw 0 of its levels.
You visited the Abyss 1 time.

You collected 41 gold pieces.

Inventory:

Hand Weapons
 a - a +1 falchion (weapon)
 d - a +1 scimitar of protection
Armour
 b - a +0 leather armour (worn)
Jewellery
 c - a ring of resist corrosion


   Skills:
 + Level 3.0 Fighting
 + Level 1.7 Long Blades
 + Level 1.7 Armour
 + Level 0.8 Dodging
 + Level 2.4 Invocations


You couldn't memorise any spells.
You didn't know any spells.
Your spell library was empty.

Dungeon Overview and Level Annotations

Branches:
Dungeon (0/15)

Altars:


Message History

You enter the shallow water.
Moving in this stuff is going to be slow.
Found a gateway leading out of the Abyss.
Found a gateway leading deeper into the Abyss.
There is a gateway leading deeper into the Abyss here.
You plunge deeper into the Abyss.
Found an encrusted ivory ring.
Found 12 gold pieces.
Found 15 gold pieces.
Found a leather armour and 12 sling bullets.
c - a ring of resist corrosion
Found a glowing scimitar.
You now have 12 gold pieces.
You now have 27 gold pieces (gained 15).
Found a scroll labelled AFRAOH TYM.
Found 20 arrows.
You see here a +1 scimitar of protection.
d - a +1 scimitar of protection A tentacled starspawn comes into view.
Found 11 stones.
e - a scroll labelled AFRAOH TYM
As you read the scroll labelled AFRAOH TYM, it crumbles to dust.
It is a scroll of identify.
You don't have any unidentified items.
Found a gateway leading deeper into the Abyss.
Tentacles burst from the starspawn's body! 2 starspawn tentacles come into view.
There is a gateway leading deeper into the Abyss, spattered with blood here.
You plunge deeper into the Abyss.
The abyssal rune of Zot can be found at this depth.
Found 4 atropa-tipped darts.
A large abomination comes into view.
You see here 14 gold pieces.
You now have 41 gold pieces (gained 14).
An efreet comes into view.
It is wielding a +3 scimitar of flaming.
A rakshasa comes into view. It is wielding a +0 trident.
The efreet gestures at you.
The fireball explodes!
The fireball engulfs you!!
Ouch! That really hurt!
You die...

##............#
#..(.......# ##
##.....#
#.○#.##.#.###.#
#..R...#... #
#....#.#.###.....
...#.#.X### R#...
....#.#...#..# .
.....#.@..# .....
##.##..... .#...
... ...# #...
....# .#. ##..
.##... . .. .###.
.# . .# .. . #


You could see a rakshasa, a large abomination and an efreet.

Vanquished Creatures (others)
  2 starspawn tentacles (Abyss:2)
2 creatures vanquished.

Notes
Turn   | Place    | Note
-------+----------+-------------------------------------------
     0 | Abyss:1  | meatgazer the Demonspawn Abyssal Knight began the quest for
                  | the Orb.
     0 | Abyss:1  | Reached XP level 1. HP: 18/18 MP: 2/2
    87 | Abyss:2  | Noticed a tentacled starspawn
    95 | Abyss:2  | Noticed an ice devil
   106 | Abyss:3  | Noticed a large abomination
   111 | Abyss:3  | Noticed an efreet
   115 | Abyss:3  | Noticed a rakshasa
   115 | Abyss:3  | Killed from afar by an efreet

Illustrated notes

Levels and vault maps discovered:
Abyss:3:  base: Temple, hangedman_elemental_corridor,
          nicolae_abyss_rune_star_stuff, evilmike_abyss_exit_2

Action                   || total
-------------------------++-------
  Use: Scroll            ||     1

Table legend: (Time is in decaauts)
 A = Elapsed time spent in this place.
 B = Non-inter-level travel time spent in this place.
 C = Inter-level travel time spent in this place.
 D = Time resting spent in this place.
 E = Time spent auto-exploring this place.
 F = Levels seen in this place.
 G = Mean time per level.
                   A        B        C        D        E       F      G
               +--------+--------+--------+--------+--------+-----+--------+
         Total |    115 |    115 |      0 |      0 |     60 |   3 |   38.3 |
         Abyss |    115 |    115 |      0 |      0 |     60 |   3 |   38.3 |
               +--------+--------+--------+--------+--------+-----+--------+

Top non-repeatable levels by time:
 Abyss:1: 66 daAuts
 Abyss:2: 35 daAuts
 Abyss:3: 12 daAuts
